 Dungeon Crawl Stone Soup version 0.27-a0-1442-g87b6fcb595 (webtiles) character file.

Game seed: 18355373285865630947

424 funkygono the Firebug (level 6, -9/44 HPs)
             Began as a Gnoll Fire Elementalist on July 5, 2021.
             Mangled by an ogre (14 damage)
             ... on level 5 of the Dungeon.
             The game lasted 00:08:58 (5582 turns).

funkygono the Firebug (Gnoll Fire Elementalist)     Turns: 5582, Time: 00:08:59

Health: -9/44      AC:  3    Str:  8    XL:     6   Next: 96%
Magic:  12/14      EV: 13    Int: 16    God:
Gold:   184        SH:  0    Dex: 12    Spells: 9/15 levels left

rFire    . . .     SeeInvis .   h - +0 whip (vamp)
rCold    . . .     Faith    .   (no shield)
rNeg     . . .     Spirit   .   a - +0 robe
rPois    .         Reflect  .   (no helmet)
rElec    .         Harm     .   (no cloak)
rCorr    .         Rampage  .   i - +0 pair of gloves
Will     .....                  (no boots)
Stlth    +++.......             (no amulet)
HPRegen  0.14/turn              (no ring)
MPRegen  0.14/turn              (no ring)

@: no status effects
A: fangs 1, strong nose, distributed training
a: no special abilities


You were on level 5 of the Dungeon.
You visited 2 branches of the dungeon, and saw 6 of its levels.

You collected 184 gold pieces.

Inventory:

Hand Weapons
 g - a +0 dagger
 h - a +0 vampiric whip (weapon)
 j - a +2 dagger of electrocution
 k - a +2 antimagic dagger
Missiles
 b - 57 arrows
 r - 66 bolts
 s - 2 curare-tipped darts
Armour
 a - a +0 robe (worn)
 i - a +0 pair of gloves (worn)
 l - a +0 scale mail
 m - a +0 leather armour
 o - a +0 buckler
Wands
 p - a wand of digging (6)
Scrolls
 e - 2 scrolls of teleportation
Potions
 c - a potion of haste
 d - 2 potions of curing
 f - a potion of resistance {unknown}
 n - a potion of lignification {unknown}


   Skills:
 + Level 2.2 Fighting
 + Level 2.2 Short Blades
 + Level 2.2 Long Blades
 + Level 2.2 Axes
 + Level 2.2 Maces & Flails
 + Level 2.2 Polearms
 + Level 2.2 Staves
 + Level 2.2 Slings
 + Level 2.2 Bows
 + Level 2.2 Crossbows
 + Level 2.2 Throwing
 + Level 2.2 Armour
 + Level 5.1 Dodging
 + Level 4.7 Stealth
 + Level 2.2 Shields
 + Level 2.2 Unarmed Combat
 + Level 5.4 Spellcasting
 + Level 2.8 Conjurations
 + Level 1.7 Hexes
 + Level 1.7 Summonings
 + Level 1.7 Necromancy
 + Level 1.7 Translocations
 + Level 1.7 Transmutations
 + Level 5.7 Fire Magic
 + Level 1.7 Ice Magic
 + Level 1.7 Air Magic
 + Level 1.7 Earth Magic
 + Level 1.7 Poison Magic
 + Level 2.4 Invocations
 + Level 2.2 Evocations


You had 9 spell levels left.
You knew the following spells:

 Your Spells              Type           Power      Damage    Failure   Level
a - Foxfire               Conj/Fire      72%        2x1d7     2%          1
b - Conjure Flame         Conj/Fire      18%        6-21      8%          3
c - Poisonous Vapours     Pois/Air       20%        N/A       11%         2

Your spell library contained the following spells:

 Spells                   Type           Power      Damage    Failure   Level
 Inner Flame              Hex/Fire       16%        N/A       10%         3
 Sublimation of Blood     Necr           5%         N/A       11%         2
 Wereblood                Tmut           10%        N/A       11%         2
 Mephitic Cloud           Conj/Pois/Air  11%        N/A       19%         3
 Sticky Flame             Conj/Fire      18%        2d4       26%         4
 Fireball                 Conj/Fire      9%         3d6       56%         5
 Freezing Cloud           Conj/Ice/Air   5%         6-21      86%         5
 Summon Hydra             Summ           5%         N/A       100%        7


Dungeon Overview and Level Annotations

Branches:
Dungeon (5/15)             Temple (1/1) D:4

Altars:
Elyvilon
Fedhas
Gozag
Hepliaklqana
Kikubaaqudgha
Makhleb
Nemelex Xobeh
Ru
Sif Muna
Trog
Uskayaw
Vehumet
Wu Jian

Shops:
D:2 *   D:4 =


Innate Abilities, Weirdness & Mutations

You have very sharp teeth.
Your uncanny sense of smell can sniff out nearby items.
Your experience applies equally to all skills.


Message History

Casting: Foxfire (safe; 2% risk of failure)
Confirm with . or Enter, or press ? or * to list all spells.
You conjure some foxfire!
Casting: Foxfire (safe; 2% risk of failure)
Confirm with . or Enter, or press ? or * to list all spells.
There is not enough space to conjure foxfire!
Unknown command.
Your foxfire dissipates!
The foxfire hits the ogre.
The ogre is moderately wounded.
Casting: Foxfire (safe; 2% risk of failure)
Confirm with . or Enter, or press ? or * to list all spells.
You conjure some foxfire!
The foxfire hits the ogre.
The ogre is moderately wounded.
You barely miss the ogre. You bite the ogre, but do no damage.
The ogre is moderately wounded.
The foxfire hits the ogre.
The ogre is heavily wounded.
You hit the ogre.
The ogre is severely wounded.
The ogre closely misses you.
You hit the ogre.
The ogre is severely wounded.
The ogre hits you with a +0 giant club!!
Ouch! That really hurt!
You hit the ogre.
You feel better.
The ogre is almost dead.
The ogre hits you with a +0 giant club!!
Ouch! That really hurt!
* * * LOW HITPOINT WARNING * * *
You hit the ogre but do no damage. You bite the ogre, but do no damage.
The ogre is almost dead.
You barely miss the ogre.
The ogre is almost dead.
The ogre closely misses you.
Unknown command.
Casting: Foxfire (safe; 2% risk of failure)
Confirm with . or Enter, or press ? or * to list all spells.
You conjure some foxfire!
The ogre hits you with a +0 giant club!
You die...

########.######## #######.###
................. .......<...
.........#################..##
#+#######..# .... ........##
...........# ... ######....
...........# ##.. #..##
...........# #.. #..##
...........####v####### ####....
..............v@....... ......>#
#.#######..####O############....
. .............# .........
........####.# ##.##...#
######..# #.# #.##...# #..# #.#
#.##.... #... !.. ##.###†......
.... ..... +............
###...?.....##.###.###...


You could see an ogre (ally target).

Vanquished Creatures
  A kobold brigand (D:4)
  2 scorpions
  A water moccasin skeleton (D:4)
  A centaur zombie (D:4)
  7 adders
  An adder skeleton (D:4)
  4 orcs (D:4)
  8 bats
  6 endoplasms
  5 giant cockroaches
  5 goblins
  6 hobgoblins
  12 jackals
  3 quokkas
  6 ball pythons
  4 frilled lizards
  6 kobolds
  A quokka skeleton (D:4)
  4 rats
83 creatures vanquished.

Vanquished Creatures (others)
  249 foxfires
249 creatures vanquished.

Grand Total: 332 creatures vanquished

Notes
Turn   | Place    | Note
-------+----------+-------------------------------------------
     0 | D:1      | funkygono the Gnoll Fire Elementalist began the quest for
                  | the Orb.
     0 | D:1      | Reached XP level 1. HP: 13/13 MP: 6/6
   157 | D:1      | Reached XP level 2. HP: 19/19 MP: 4/7
   850 | D:1      | Reached XP level 3. HP: 22/25 MP: 7/9
  1257 | D:2      | Learned a level 3 spell: Conjure Flame
  1264 | D:2      | Reached skill level 5 in Spellcasting
  1386 | D:2      | Found Wuerph's General Store.
  1733 | D:2      | Reached skill level 1 in Invocations
  1902 | D:2      | Noticed a scorpion
  1913 | D:2      | Killed a scorpion
  1914 | D:2      | Reached skill level 1 in Fighting
  1914 | D:2      | Reached skill level 1 in Short Blades
  1914 | D:2      | Reached skill level 1 in Long Blades
  1914 | D:2      | Reached skill level 1 in Axes
  1914 | D:2      | Reached skill level 1 in Maces & Flails
  1914 | D:2      | Reached skill level 1 in Polearms
  1914 | D:2      | Reached skill level 1 in Staves
  1914 | D:2      | Reached skill level 1 in Slings
  1914 | D:2      | Reached skill level 1 in Bows
  1914 | D:2      | Reached skill level 1 in Crossbows
  1914 | D:2      | Reached skill level 1 in Throwing
  1914 | D:2      | Reached skill level 1 in Armour
  1914 | D:2      | Reached skill level 1 in Shields
  1914 | D:2      | Reached skill level 1 in Unarmed Combat
  1914 | D:2      | Reached skill level 1 in Hexes
  1914 | D:2      | Reached skill level 1 in Summonings
  1914 | D:2      | Reached skill level 1 in Necromancy
  1914 | D:2      | Reached skill level 1 in Translocations
  1914 | D:2      | Reached skill level 1 in Transmutations
  1914 | D:2      | Reached skill level 1 in Ice Magic
  1914 | D:2      | Reached skill level 1 in Air Magic
  1914 | D:2      | Reached skill level 1 in Earth Magic
  1914 | D:2      | Reached skill level 1 in Poison Magic
  1914 | D:2      | Reached skill level 1 in Evocations
  1914 | D:2      | Reached XP level 4. HP: 20/32 MP: 7/11
  2112 | D:2      | Reached XP level 5. HP: 37/37 MP: 9/12
  2182 | D:2      | Found a faded altar of an unknown god.
  2266 | D:2      | Learned a level 2 spell: Poisonous Vapours
  3426 | D:4      | Found a staircase to the Ecumenical Temple.
  3450 | Temple   | Entered the Ecumenical Temple
  3755 | D:4      | Noticed a kobold brigand
  3788 | D:4      | Killed a kobold brigand
  3789 | D:4      | Reached XP level 6. HP: 15/44 MP: 2/13
  4079 | D:4      | Reached skill level 5 in Dodging
  4383 | D:4      | Found Haparyma's Jewellery Shop.
  5460 | D:5      | Entered Level 5 of the Dungeon
  5582 | D:5      | Mangled by an ogre

Illustrated notes

Levels and vault maps discovered:
D:1:      lemuel_arrival_cross, layout_loops_cross, kennysheep_decorative_pillar
D:2:      minmay_diamond_boxcup, layout_basic, chequers_ecumenical_altar_simple,
          serial_shops, shop
D:3:      layout_loops_corners
D:4:      layout_loops_corners, minmay_temple_entry_gardened_gates,
          portal_sewer_entry_d, serial_shops, shop
D:5:      layout_basic, amcnicky_altar_gilded
Temple:   nicolae_temple_figure_eight

Skill      XL: |  1  2  3  4  5  6 |
---------------+-------------------+-----
Conjurations   | 2 |  2.8
Spellcasting   | 5 |  5.4
Invocations    | 1 2 |  2.4
Fighting       | 1 2 |  2.2
Short Blades   | 1 2 |  2.2
Long Blades    | 1 2 |  2.2
Axes           | 1 2 |  2.2
Maces & Flails | 1 2 |  2.2
Polearms       | 1 2 |  2.2
Staves         | 1 2 |  2.2
Slings         | 1 2 |  2.2
Bows           | 1 2 |  2.2
Crossbows      | 1 2 |  2.2
Throwing       | 1 2 |  2.2
Armour         | 1 2 |  2.2
Shields        | 1 2 |  2.2
Unarmed Combat | 1 2 |  2.2
Hexes          | 1 |  1.7
Summonings     | 1 |  1.7
Necromancy     | 1 |  1.7
Translocations | 1 |  1.7
Transmutations | 1 |  1.7
Ice Magic      | 1 |  1.7
Air Magic      | 1 |  1.7
Earth Magic    | 1 |  1.7
Poison Magic   | 1 |  1.7
Evocations     | 1 2 |  2.2
Dodging        | 5 |  5.1
Stealth        | |  4.7
Fire Magic     | |  5.7

Action                   |  1- 3 |  4- 6 || total
-------------------------+-------+-------++-------
Melee: Whip              |    22 |    94 ||   116
       Punch             |       |     2 ||     2
       Bite              |       |     6 ||     6
 Cast: Foxfire           |    68 |    86 ||   154
       Poisonous Vapours |       |     2 ||     2
       Conjure Flame     |       |     1 ||     1
  Use: Scroll            |     4 |     4 ||     8
 Stab: Sleeping          |       |     1 ||     1
Armor: Robe              |     4 |    17 ||    21
Dodge: Dodged            |    22 |    80 ||   102

Table legend: (Time is in decaauts)
 A = Elapsed time spent in this place.
 B = Non-inter-level travel time spent in this place.
 C = Inter-level travel time spent in this place.
 D = Time resting spent in this place.
 E = Time spent auto-exploring this place.
 F = Levels seen in this place.
 G = Mean time per level.
                   A        B        C        D        E       F      G
               +--------+--------+--------+--------+--------+-----+--------+
         Total |   5589 |   5416 |    173 |    702 |   3798 |   6 |  931.5 |
       Dungeon |   5368 |   5207 |    161 |    702 |   3591 |   5 | 1073.6 |
        Temple |    220 |    208 |     12 |      0 |    207 |   1 |  220.0 |
               +--------+--------+--------+--------+--------+-----+--------+

Top non-repeatable levels by time:
     D:4: 1871 daAuts
     D:1: 1251 daAuts
     D:3: 1066 daAuts
     D:2: 1057 daAuts
  Temple: 220 daAuts
     D:5: 121 daAuts
